[Event "Titled Tuesday Blitz March 28 Late 2023"]
[White "Vaglio Munoz, Jaime"]
[Black "Bitoon, Richard"]
[WhiteFideId "6500145"]
[BlackFideId "5201110"]
[WhiteElo "2199"]
[BlackElo "2374"]
[Result "1-0"]
[Round "05"]
[TimeControl "180+2"]
[Date "2023.03.28"]
[WhiteClock "0:00:07"]
[BlackClock "0:00:03"]

1. Nf3 Nf6 2. g3 g6 3. b3 Bg7 4. Bb2 O-O 5. Bg2 d6 6. d4 Nc6 7. O-O Bg4 8. h3 Bxf3 9. exf3 Nd7 10. f4 a5 11. a4 e6 12. Na3 d5 13. Qd2 Nc5 14. Rfe1 Re8 15. Rad1 f5 16. Qc1 Ne4 17. c3 Ra6 18. Qc2 Rb6 19. Nb1 Nb8 20. Ba3 Na6 21. Bf1 Bf8 22. Bc1 c5 23. Be3 Qc8 24. Bb5 Rd8 25. Kg2 cxd4 26. Bxd4 Bc5 27. f3 Bxd4 28. Rxd4 Nf6 29. Qd2 Nc7 30. c4 Rf8 31. Nc3 Rd6 32. Ne2 Rdd8 33. Qxa5 dxc4 34. Rxc4 Nfd5 35. Kh2 b6 36. Qd2 Qb8 37. Qc1 Nxb5 38. axb5 e5 39. fxe5 Qxe5 40. Nf4 Qd6 41. Rd4 Rc8 42. Qd2 Qa3 43. Rxd5 Qxb3 44. Re3 Qb1 45. Re2 Rc1 46. g4 Rh1+ 47. Kg3 g5 48. Rxf5 gxf4+ 49. Kxf4 Rxf5+ 50. gxf5 Qb2 51. Qxb2 1-0


[Site "https://www.chess.com"]

[Event "Titled Tuesday Blitz March 28 Late 2023"]
[White "Urbina Perez, Juan Antonio"]
[Black "Koksal, Ege"]
[WhiteFideId "2217368"]
[BlackFideId "6317626"]
[WhiteElo "2197"]
[BlackElo "2226"]
[Result "0-1"]
[Round "05"]
[TimeControl "180+2"]
[Date "2023.03.28"]
[WhiteClock "0:00:27"]
[BlackClock "0:00:15"]

1. c4 Nf6 2. g3 c6 3. Bg2 d5 4. Qc2 d4 5. Nf3 c5 6. O-O Nc6 7. a3 a5 8. d3 e5 9. Nbd2 Bd6 10. Ne4 Nxe4 11. dxe4 O-O 12. Bd2 a4 13. Ne1 Be6 14. Nd3 Qd7 15. b4 axb3 16. Qxb3 Rfb8 17. Qb5 Qe7 18. f4 Na7 19. Qb6 Nc8 20. Qb5 Bd7 21. Qb1 b5 22. fxe5 Bc7 23. cxb5 Bxb5 24. Qc1 c4 25. Nf4 Bxe5 26. Nd5 Qd6 27. Bb4 Qe6 28. Qg5 Nd6 29. Nc7 f6 30. Qc1 Qd7 31. Nxa8 Rxa8 32. a4 Ba6 33. Qa3 c3 34. Bxd6 Bxd6 35. Qb3+ Kf8 36. Qd5 Rc8 37. Qxd4 Bc5 38. Qxc5+ Rxc5 39. Rac1 Bxe2 40. Rf2 c2 41. Rxe2 Qd1+ 42. Re1 Qxe1+ 43. Rxe1 c1=Q 44. Rxc1 Rxc1+ 45. Kf2 Ra1 46. e5 Ra2+ 47. Kf1 fxe5 48. Bc6 Rxh2 49. Bd5 Rd2 50. Bc4 Rc2 51. Bb5 Ra2 52. Ke1 Ke7 53. Kf1 Kf6 54. Ke1 Kg5 55. Bc4 Rxa4 56. Bg8 h6 57. Bd5 Rb4 0-1


[Site "https://www.chess.com"]

[Event "Titled Tuesday Blitz March 28 Late 2023"]
[White "Grave, Jacob Templen"]
[Black "Piesik, Piotr"]
[WhiteFideId "1542656"]
[BlackFideId "1136194"]
[WhiteElo "2179"]
[BlackElo "2311"]
[Result "0-1"]
[Round "05"]
[TimeControl "180+2"]
[Date "2023.03.28"]
[WhiteClock "0:00:11"]
[BlackClock "0:01:26"]

1. d4 c5 2. d5 e5 3. e4 d6 4. c4 Be7 5. Nf3 Bg4 6. Be2 Bxf3 7. Bxf3 Bg5 8. Nc3 Bxc1 9. Qxc1 Ne7 10. O-O Nd7 11. a3 O-O 12. b4 a5 13. Qb2 axb4 14. axb4 cxb4 15. Qxb4 Nc5 16. Nb5 Qb6 17. Qc3 Ra6 18. Rab1 Rfa8 19. Qe3 Ng6 20. g3 Qd8 21. h4 Ne7 22. Kg2 Ra4 23. Be2 h6 24. Rb2 f5 25. exf5 Nxf5 26. Qf3 Qf6 27. Nc7 Ra3 28. Qg4 Rf8 29. Kg1 Nd4 30. Nb5 Nxb5 31. Rxb5 Ra2 32. Bd1 Rxf2 33. Rxf2 Qxf2+ 34. Kh1 Qf1+ 35. Kh2 Rf2# 0-1


[Site "https://www.chess.com"]

[Event "Titled Tuesday Blitz March 28 Late 2023"]
[White "Ozer, Omer Faruk"]
[Black "Napoli, Nicolo"]
[WhiteFideId "6354564"]
[BlackFideId "813702"]
[WhiteElo "2260"]
[BlackElo "2308"]
[Result "1-0"]
[Round "05"]
[TimeControl "180+2"]
[Date "2023.03.28"]
[WhiteClock "0:00:04"]
[BlackClock "0:00:07"]

1. e4 g6 2. d4 Bg7 3. Nc3 c6 4. Nf3 d5 5. h3 Nh6 6. Bf4 f6 7. Qd2 Nf7 8. O-O-O O-O 9. Kb1 e5 10. Bg3 dxe4 11. Nxe4 f5 12. Nc3 e4 13. Ne5 Nxe5 14. Bxe5 Bxe5 15. Bc4+ Kg7 16. dxe5 Qxd2 17. Rxd2 Nd7 18. e6 Nb6 19. Bb3 Re8 20. a4 Bxe6 21. a5 Bxb3 22. cxb3 Nd5 23. Nxd5 cxd5 24. Rxd5 Re7 25. Re1 Rc8 26. Re3 f4 27. Re2 Rc6 28. Rd4 Rce6 29. b4 Kf6 30. f3 Kf5 31. Rd5+ Kf6 32. Rd4 Kf5 33. Rd5+ Kf6 34. fxe4 Rxe4 35. Rf2 g5 36. g3 Re2 37. Rd6+ R7e6 38. Rxe6+ Rxe6 39. gxf4 Re4 40. fxg5+ Kxg5 41. Rf7 Rxb4 42. Rxh7 Rb5 43. a6 bxa6 44. Rxa7 a5 45. Ka2 Kh4 46. Rh7+ Kg3 47. Ka3 a4 48. Ra7 Rb3+ 49. Ka2 Rb4 50. Rh7 Re4 51. h4 Kg4 52. Ka3 Re2 53. Rb7 Kxh4 54. Kxa4 Kg5 55. b4 Kf6 56. Rd7 Ke6 57. Rd1 Ke7 58. Ka5 Ke6 59. b5 Ra2+ 60. Kb6 Ke7 61. Kb7 Ra1 62. Rxa1 1-0


[Site "https://www.chess.com"]

[Event "Titled Tuesday Blitz March 28 Late 2023"]
[White "Itkis, Boris"]
[Black "Baskakov, Egor"]
[WhiteFideId "1209167"]
[BlackFideId "24197866"]
[WhiteElo "2216"]
[BlackElo "2212"]
[Result "0-1"]
[Round "05"]
[TimeControl "180+2"]
[Date "2023.03.28"]
[WhiteClock "0:00:11"]
[BlackClock "0:00:03"]

1. c4 Nf6 2. Nf3 e6 3. b3 d5 4. Bb2 Be7 5. e3 O-O 6. g3 b6 7. Bg2 Bb7 8. O-O c5 9. Nc3 Nbd7 10. d3 Rc8 11. Re1 Qc7 12. e4 dxc4 13. dxc4 Rfd8 14. Qc2 Nf8 15. Rad1 Rxd1 16. Rxd1 Rd8 17. Rxd8 Qxd8 18. e5 Ne8 19. Nd2 Bxg2 20. Kxg2 Ng6 21. f4 Nc7 22. Nde4 Na6 23. Qd2 Qc8 24. Nb5 Nb4 25. Bc3 Nc6 26. h4 Nf8 27. h5 h6 28. g4 a6 29. Nbd6 Qa8 30. Kg3 b5 31. f5 bxc4 32. bxc4 exf5 33. Nxf5 Ne6 34. Qd5 Bf8 35. Ned6 Ned8 36. Qxc5 Qb8 37. Qd5 Qb6 38. Nxf7 Nxf7 39. e6 Qg1+ 40. Kf4 Qh2+ 41. Ke3 Bc5+ 42. Kd3 Nfe5+ 43. Bxe5 Nxe5+ 44. Kc3 Qh3+ 45. Kc2 Qh2+ 46. Kc3 Qh3+ 47. Kc2 Qxg4 48. e7+ Kh7 49. e8=Q Qxf5+ 50. Kb3 Qb1+ 51. Kc3 Qc1+ 52. Kb3 Qa3+ 53. Kc2 Qxa2+ 54. Kd1 Qb1+ 55. Ke2 Qc2+ 56. Ke1 Qf2+ 57. Kd1 Qf1+ 58. Kc2 Qe2+ 59. Qd2 Qxc4+ 60. Kd1 Qf1+ 61. Kc2 Qc4+ 62. Kb1 Qb3+ 63. Kc1 Ba3+ 0-1


[Site "https://www.chess.com"]

[Event "Titled Tuesday Blitz March 28 Late 2023"]
[White "Makarian, Rudik"]
[Black "Graif, William"]
[WhiteFideId "44105681"]
[BlackFideId "2609835"]
[WhiteElo "2436"]
[BlackElo "2205"]
[Result "1-0"]
[Round "05"]
[TimeControl "180+2"]
[Date "2023.03.28"]
[WhiteClock "0:01:34"]
[BlackClock "0:00:05"]

1. e4 e5 2. Nc3 Bc5 3. Bc4 d6 4. d3 a6 5. a3 Nc6 6. Nge2 Nf6 7. O-O Be6 8. Bg5 Qd7 9. Bxf6 gxf6 10. Ng3 O-O-O 11. Nd5 f5 12. exf5 Bxf5 13. b4 Ba7 14. b5 axb5 15. Bxb5 Bg4 16. Qb1 h5 17. Ne4 Qe6 18. Bc4 Qf5 19. Qb5 Qd7 20. Rab1 b6 21. Ndf6 Qf5 22. Qxc6 1-0


[Site "https://www.chess.com"]

[Event "Titled Tuesday Blitz March 28 Late 2023"]
[White "Yurasova, Daria"]
[Black "Zierk, Steven"]
[WhiteFideId "34146919"]
[BlackFideId "2034255"]
[WhiteElo "2134"]
[BlackElo "2494"]
[Result "0-1"]
[Round "05"]
[TimeControl "180+2"]
[Date "2023.03.28"]
[WhiteClock "0:00:02"]
[BlackClock "0:00:43"]

1. d4 e6 2. Nf3 f5 3. Bf4 Nf6 4. e3 b6 5. h3 Bb7 6. c4 Bb4+ 7. Nc3 Ne4 8. Qc2 Bxc3+ 9. bxc3 d6 10. Bd3 Nd7 11. Bh2 Qf6 12. O-O O-O 13. Nd2 Ng5 14. e4 Qg6 15. f3 Nxh3+ 16. Kh1 Ng5 17. Rae1 f4 18. e5 Qh5 19. Ne4 Nxe4 20. Bxe4 Bxe4 21. Qxe4 dxe5 22. Qc6 Qf7 23. dxe5 Nc5 24. Rd1 Rad8 25. Rd4 Nd3 26. Qe4 Qf5 27. Kg1 Nxe5 28. Qxf5 exf5 29. Rxd8 Rxd8 30. Bxf4 Nxc4 31. Bxc7 Rd3 32. Rc1 Kf7 33. Bf4 h6 34. a4 g5 35. Bb8 a5 36. Bc7 Rd7 37. Bg3 Rd2 38. Bf2 Rb2 39. Bd4 b5 40. axb5 Rxb5 41. Ra1 Ke6 42. Kf2 f4 43. Ke2 Rb2+ 44. Kd3 Kd5 45. Rd1 Rxg2 46. Bg7 Nb2# 0-1


[Site "https://www.chess.com"]

[Event "Titled Tuesday Blitz March 28 Late 2023"]
[White "Nazari, Arad"]
[Black "Romkachess"]
[WhiteFideId "12577324"]
[WhiteElo "2313"]
[BlackElo "2514"]
[Result "1/2-1/2"]
[Round "05"]
[TimeControl "180+2"]
[Date "2023.03.28"]
[WhiteClock "0:00:13"]
[BlackClock "0:00:12"]

1. e4 c5 2. Nf3 d6 3. Bb5+ Bd7 4. Bxd7+ Qxd7 5. O-O Nf6 6. Re1 e6 7. c3 Be7 8. d4 cxd4 9. cxd4 d5 10. e5 Ne4 11. Qd3 Nc6 12. a3 O-O 13. Nbd2 Nxd2 14. Bxd2 h6 15. Re3 Rac8 16. h4 b6 17. g4 Na5 18. Bxa5 bxa5 19. g5 hxg5 20. Nxg5 Bxg5 21. hxg5 Qa4 22. b3 Qc6 23. Kg2 Qc2 24. Rh1 Rfe8 25. Reh3 Kf8 26. Rh8+ Ke7 27. Rxe8+ Kxe8 28. Rh8+ Ke7 29. Qxc2 Rxc2 30. Ra8 Rc7 31. g6 fxg6 32. Kg3 Rc3+ 33. Kg4 Rxb3 34. Rxa7+ Kf8 35. Rxa5 Rd3 36. Ra4 Rd2 37. Kf3 g5 38. Kg3 Kf7 39. Ra6 Rxd4 40. a4 Re4 41. a5 Rxe5 42. Rb6 d4 43. a6 Ra5 44. Kf3 Kf6 45. Ke4 Ra2 46. f3 Ra3 47. Rc6 Re3+ 48. Kxd4 Rxf3 49. Rc3 Rf4+ 50. Kc5 Ra4 51. Kb5 Ra1 52. Rc4 Rb1+ 53. Rb4 Ra1 54. Ra4 Rb1+ 55. Kc6 Rb8 56. a7 Ra8 57. Kb7 Rxa7+ 58. Kxa7 Kf5 59. Kb6 g4 60. Ra7 g5 61. Rf7+ Ke4 62. Rg7 Kf4 63. Rf7+ Ke3 64. Rg7 g3 65. Rxg5 Kf3 66. Kc5 g2 67. Kd4 Kf2 68. Ke5 g1=Q 69. Rxg1 Kxg1 70. Kxe6 1/2-1/2


[Site "https://www.chess.com"]

[Event "Titled Tuesday Blitz March 28 Late 2023"]
[White "Krallis, Christos"]
[Black "Toniutti, Ezio"]
[WhiteFideId "4298896"]
[BlackFideId "113034"]
[WhiteElo "2243"]
[BlackElo "2215"]
[Result "1-0"]
[Round "05"]
[TimeControl "180+2"]
[Date "2023.03.28"]
[WhiteClock "0:01:24"]
[BlackClock "0:00:38"]

1. d4 d5 2. Nf3 Nf6 3. Bf4 e6 4. e3 Bd6 5. Nbd2 O-O 6. c3 c5 7. dxc5 Bxf4 8. exf4 Qc7 9. g3 Qxc5 10. Bd3 b6 11. O-O Ba6 12. Nb3 Qc7 13. Re1 Bxd3 14. Qxd3 Nbd7 15. Nbd4 Nc5 16. Qd1 a5 17. a4 Rac8 18. Ne5 Rfd8 19. h4 Nce4 20. h5 h6 21. Kg2 Nd6 22. f3 Nc4 23. Re2 Nd6 24. g4 Nc4 25. Qc2 Qb8 26. Ndc6 Qc7 27. Nxd8 Qxd8 28. Rae1 Qd6 29. Nxf7 Kxf7 30. Rxe6 Qxe6 31. Rxe6 Kxe6 32. Qf5+ 1-0


[Site "https://www.chess.com"]

[Event "Titled Tuesday Blitz March 28 Late 2023"]
[White "Escalona Landi, Samid Eduardo"]
[Black "Sreyas Payyappat"]
[WhiteFideId "3937437"]
[BlackFideId "46674969"]
[WhiteElo "2207"]
[BlackElo "2083"]
[Result "0-1"]
[Round "05"]
[TimeControl "180+2"]
[Date "2023.03.28"]
[WhiteClock "0:01:58"]
[BlackClock "0:01:46"]

1. e4 c6 2. d4 d5 3. exd5 cxd5 4. Bd3 Nc6 5. c3 Qc7 6. h3 g6 7. Nf3 Bf5 8. O-O Nf6 9. Re1 e6 10. Bf1 Bd6 11. a4 O-O-O 12. Na3 a6 13. b4 Ne4 14. Bd2 g5 15. b5 g4 16. hxg4 Bxg4 17. bxc6 Bh2+ 18. Kh1 Nxf2# 0-1


[Site "https://www.chess.com"]

[Event "Titled Tuesday Blitz March 28 Late 2023"]
[White "Hirneise, Jens"]
[Black "Hamitevici, Vladimir"]
[WhiteFideId "24614734"]
[BlackFideId "13902393"]
[WhiteElo "2345"]
[BlackElo "2401"]
[Result "1-0"]
[Round "05"]
[TimeControl "180+2"]
[Date "2023.03.28"]
[WhiteClock "0:00:17"]
[BlackClock "0:00:14"]

1. d4 g6 2. e4 d6 3. c3 Nf6 4. f3 c6 5. Be3 Nbd7 6. Bc4 d5 7. exd5 cxd5 8. Bb3 Bg7 9. Ne2 Qc7 10. O-O O-O 11. Re1 e6 12. Na3 a6 13. Nc2 b6 14. Qd2 Re8 15. Bh6 Bh8 16. Bf4 Qc6 17. Nb4 Qb7 18. Nd3 Nh5 19. Bh6 Qc7 20. Nef4 Ng7 21. Bxg7 Bxg7 22. Nxd5 Qd6 23. Qf4 Qxf4 24. N3xf4 Rb8 25. Nc7 Rd8 26. Nfxe6 fxe6 27. Nxe6 Rf8 28. Nxf8+ Kxf8 29. Re6 Nf6 30. Rc6 Ne8 31. Be6 Bxe6 32. Rxe6 Kf7 33. Rae1 Bf8 34. Kf2 Nd6 35. g4 b5 36. g5 a5 37. Rf6+ Kg8 38. Ree6 Ne8 39. Rb6 Rd8 40. Rfe6 Nc7 41. Rec6 Nd5 42. Rxb5 a4 43. a3 Be7 44. h4 Bf8 45. Rc4 Ra8 46. Rxd5 1-0


[Site "https://www.chess.com"]

[Event "Titled Tuesday Blitz March 28 Late 2023"]
[White "Mortazavi, Ali"]
[Black "Darini, Pouria"]
[WhiteFideId "401323"]
[BlackFideId "12502200"]
[WhiteElo "2339"]
[BlackElo "2482"]
[Result "1-0"]
[Round "05"]
[TimeControl "180+2"]
[Date "2023.03.28"]
[WhiteClock "0:00:06"]
[BlackClock "0:00:02"]

1. Nf3 Nf6 2. g3 g6 3. Bg2 Bg7 4. O-O O-O 5. d3 d5 6. Nbd2 Nc6 7. e4 dxe4 8. dxe4 Nd7 9. Qe2 Nc5 10. Nb3 Na4 11. c3 a5 12. Rd1 Qe8 13. Bf4 e5 14. Be3 b6 15. Qc2 Ba6 16. Nbd2 b5 17. Bf1 Qe7 18. Be2 Rfd8 19. Nb3 Bf8 20. Rd5 Rxd5 21. exd5 Nb8 22. Nxa5 Nb6 23. Rd1 N8d7 24. b4 Qe8 25. a3 f5 26. Ng5 Bd6 27. Ne6 Nxd5 28. Nxc7 Bxc7 29. Rxd5 Nf6 30. Rd1 Bxa5 31. bxa5 Qc6 32. Qb3+ Kh8 33. Qf7 Bb7 34. f3 Nd5 35. Rxd5 Qxd5 36. Qf6+ Kg8 37. Qb6 1-0


[Site "https://www.chess.com"]

[Event "Titled Tuesday Blitz March 28 Late 2023"]
[White "Popov, Mikhail"]
[Black "Papayan, Oleg"]
[WhiteFideId "4146182"]
[BlackFideId "4193911"]
[WhiteElo "2270"]
[BlackElo "2153"]
[Result "0-1"]
[Round "05"]
[TimeControl "180+2"]
[Date "2023.03.28"]
[WhiteClock "0:00:22"]
[BlackClock "0:00:37"]

1. d4 Nf6 2. Nf3 d5 3. Bg5 c5 4. Nc3 cxd4 5. Qxd4 Nc6 6. Qh4 e6 7. O-O-O Bd7 8. e4 dxe4 9. Nxe4 Be7 10. Bxf6 Bxf6 11. Nxf6+ Qxf6 12. Qxf6 gxf6 13. Bb5 a6 14. Ba4 b5 15. Bb3 Na5 16. Rd6 Bc6 17. Nd4 Bxg2 18. Rg1 Nxb3+ 19. axb3 Bd5 20. Re1 O-O 21. Nf5 Rfd8 22. Rg1+ Kf8 23. Rd7 Rxd7 0-1


[Site "https://www.chess.com"]

[Event "Titled Tuesday Blitz March 28 Late 2023"]
[White "Miszler, Levente"]
[Black "Domingo Nunez, Alejandro"]
[WhiteFideId "763276"]
[BlackFideId "22245561"]
[WhiteElo "2176"]
[BlackElo "2230"]
[Result "0-1"]
[Round "05"]
[TimeControl "180+2"]
[Date "2023.03.28"]
[WhiteClock "0:00:03"]
[BlackClock "0:00:13"]

1. e4 g6 2. d4 Bg7 3. Nc3 c6 4. a4 d5 5. e5 f6 6. Nf3 fxe5 7. Nxe5 Nd7 8. Bf4 Ngf6 9. Be2 O-O 10. Bg3 Nxe5 11. dxe5 Nd7 12. f4 g5 13. O-O gxf4 14. Bxf4 Nxe5 15. Bh5 Nc4 16. Qe1 e5 17. Bc1 Be6 18. Rxf8+ Qxf8 19. Qg3 Kh8 20. b3 Nd6 21. Ba3 e4 22. Bxd6 Qf5 23. Be2 Bd4+ 24. Kh1 Rg8 25. Qe1 Qf6 26. Nxe4 dxe4 27. Rd1 Bd5 28. Rxd4 Qxd4 29. Bb4 Rg7 30. Bc3 Qe3 31. Qa1 Kg8 32. Bxg7 Qxe2 33. Bh8 Qg4 34. h3 Qg5 35. Bf6 Qg6 36. Qe5 e3 37. Qb8+ Kf7 38. Qc7+ Kxf6 39. Qd6+ Kf5 40. Qd7+ Qe6 41. Qxh7+ Ke5 42. Qh5+ Kd6 43. Qe2 Qe5 44. h4 Qg3 45. h5 Qf2 46. Qg4 e2 47. Qg6+ Kc5 0-1


[Site "https://www.chess.com"]

[Event "Titled Tuesday Blitz March 28 Late 2023"]
[White "Sztokbant, Bernardo Vainzoff"]
[Black "Domingo Nunez, Ruben"]
[WhiteFideId "2115956"]
[BlackFideId "22245570"]
[WhiteElo "2222"]
[BlackElo "2404"]
[Result "0-1"]
[Round "05"]
[TimeControl "180+2"]
[Date "2023.03.28"]
[WhiteClock "0:00:10"]
[BlackClock "0:01:34"]

1. e4 g6 2. d4 Bg7 3. Nc3 c6 4. Be3 d5 5. e5 f6 6. exf6 Nxf6 7. h3 O-O 8. Nf3 Qd6 9. Bd3 Nbd7 10. Qd2 e5 11. dxe5 Nxe5 12. Nxe5 Qxe5 13. O-O-O Bd7 14. Kb1 Nh5 15. Rhe1 Qf6 16. f3 Nf4 17. Bf1 Ne6 18. Bh6 Bxh6 19. Qxh6 Ng5 20. h4 Nf7 21. Qd2 Qxh4 22. Bd3 Rfe8 23. Rh1 Qg3 24. Rdg1 Re7 25. Ne2 Qf2 26. Qf4 Rf8 27. Qh2 Ne5 28. Rf1 Qe3 29. Qh4 Nxd3 30. cxd3 Qxe2 31. Re1 Qxd3+ 32. Ka1 Rxe1+ 33. Rxe1 Re8 34. Rh1 h5 35. a3 Qf5 36. g4 Qxf3 37. Rg1 Bxg4 38. Qg5 Qf5 39. Qh6 Qf6 40. Rf1 Qxf1+ 0-1


[Site "https://www.chess.com"]

[Event "Titled Tuesday Blitz March 28 Late 2023"]
[White "Djokic, Mihailo"]
[Black "WindWhistler11"]
[WhiteFideId "976440"]
[WhiteElo "2294"]
[BlackElo "2470"]
[Result "1-0"]
[Round "05"]
[TimeControl "180+2"]
[Date "2023.03.28"]
[WhiteClock "0:00:04"]
[BlackClock "0:00:03"]

1. e4 e6 2. d4 d5 3. Nc3 Bb4 4. e5 Ne7 5. a3 Bxc3+ 6. bxc3 c5 7. h4 Qc7 8. h5 h6 9. Nf3 Bd7 10. Be2 Ba4 11. Rh4 cxd4 12. Rxd4 Bd7 13. c4 Nbc6 14. Rg4 Nxe5 15. Nxe5 Qxe5 16. Bf4 Qc3+ 17. Bd2 Qf6 18. Rb1 Bc6 19. cxd5 Nxd5 20. Rb3 O-O-O 21. Qc1 Qe5 22. c4 Nf6 23. Rh4 Ne4 24. Bf4 Qa5+ 25. Kf1 Rd7 26. f3 Nd2+ 27. Bxd2 Rxd2 28. Qa1 Rhd8 29. Rb4 Qg5 30. Rg4 Qe3 31. Qe1 Rc2 32. Rb1 Rdd2 33. Rxg7 Rxe2 34. Rg8+ Kd7 35. Rd1+ Rcd2 36. Rxd2+ Qxd2 37. Qxe2 Qc1+ 38. Kf2 Qxa3 39. Qd2+ Bd5 40. cxd5 Qc5+ 41. Kg3 exd5 42. Qf4 Qe7 43. Qf5+ Kc6 44. Qc2+ Kd6 45. Qf5 f6 46. Rg6 Kc5 47. Rxf6 Qc7+ 48. Qf4 Qg7+ 49. Rg6 Qg8 50. Qc7+ Kb5 51. Qxb7+ Kc4 52. Qc6+ Kd3 53. Rxg8 1-0


[Site "https://www.chess.com"]

[Event "Titled Tuesday Blitz March 28 Late 2023"]
[White "Khumalo, Keith"]
[Black "Khandelwal, Ankush"]
[WhiteFideId "14319470"]
[BlackFideId "413470"]
[WhiteElo "2056"]
[BlackElo "2263"]
[Result "1-0"]
[Round "05"]
[TimeControl "180+2"]
[Date "2023.03.28"]
[WhiteClock "0:01:41"]
[BlackClock "0:00:01"]

1. d4 Nf6 2. c4 g6 3. Nc3 Bg7 4. e4 d6 5. Bd3 O-O 6. Nge2 Nbd7 7. O-O c5 8. d5 Ne5 9. a3 e6 10. h3 exd5 11. cxd5 Nxd3 12. Qxd3 Re8 13. a4 Nd7 14. f4 Qc7 15. b3 c4 16. bxc4 Nc5 17. Qc2 Nxe4 18. Nxe4 Bxa1 19. N2g3 f5 20. Ng5 Bd7 21. Ba3 Bd4+ 22. Kh2 Re3 23. Bb2 Qb6 24. Rb1 Rae8 25. Bc1 Qc5 26. Bxe3 Bxe3 27. Rxb7 Bxf4 28. Rxd7 Re1 29. Nf3 Rc1 30. Rd8+ Kf7 31. Qb2 Ke7 32. Rb8 Qe3 33. Qg7# 1-0


[Site "https://www.chess.com"]

[Event "Titled Tuesday Blitz March 28 Late 2023"]
[White "Manukian, Artak"]
[Black "Sai Krishna G V"]
[WhiteFideId "13301373"]
[BlackFideId "5028280"]
[WhiteElo "2130"]
[BlackElo "2359"]
[Result "0-1"]
[Round "05"]
[TimeControl "180+2"]
[Date "2023.03.28"]
[WhiteClock "0:01:09"]
[BlackClock "0:01:13"]

1. e4 c5 2. Nf3 d6 3. Bb5+ Nc6 4. O-O g6 5. c3 Bg7 6. d4 cxd4 7. cxd4 Bd7 8. Nc3 a6 9. Be2 Nf6 10. e5 dxe5 11. dxe5 Ng4 12. Bf4 O-O 13. Qb3 Ncxe5 14. Nxe5 Nxe5 15. Qxb7 Bc6 16. Qb3 Qa5 17. Rfd1 Rab8 18. Qc2 Rb4 19. Bd2 Rfb8 20. Rab1 Ng4 21. a3 Qe5 22. g3 Nxh2 23. axb4 Nf3+ 24. Bxf3 Bxf3 25. Qd3 Qh5 0-1


[Site "https://www.chess.com"]

[Event "Titled Tuesday Blitz March 28 Late 2023"]
[White "Feng, Eric"]
[Black "Olsson, William"]
[WhiteFideId "30952590"]
[BlackFideId "1741721"]
[WhiteElo "1785"]
[BlackElo "2197"]
[Result "0-1"]
[Round "05"]
[TimeControl "180+2"]
[Date "2023.03.28"]
[WhiteClock "0:00:34"]
[BlackClock "0:00:25"]

1. d4 d5 2. c4 c6 3. Nf3 Nf6 4. Nbd2 Bf5 5. Nh4 Be6 6. e3 g6 7. b3 Bg7 8. Bd3 O-O 9. O-O Nbd7 10. Bb2 c5 11. Nhf3 dxc4 12. Bxc4 Bxc4 13. Nxc4 cxd4 14. Nxd4 Nb6 15. Rc1 Rc8 16. Nxb6 Qxb6 17. Qe2 Nd5 18. h4 Qa5 19. a3 Qb6 20. b4 a5 21. b5 a4 22. Rc4 e5 23. Nf3 Qxb5 24. Rfc1 e4 25. Rxc8 Qxe2 26. Bxg7 Kxg7 27. Nd4 Qb2 28. R8c5 Rd8 29. R1c4 Qxa3 30. Rb5 Qa1+ 31. Kh2 Qf1 32. Rxa4 Qxf2 33. Rxb7 Nxe3 34. Ne6+ Kf6 35. Rxf7+ Kxf7 36. Nxd8+ Ke8 37. Rxe4+ Kxd8 38. Rd4+ Kc7 0-1


[Site "https://www.chess.com"]

[Event "Titled Tuesday Blitz March 28 Late 2023"]
[White "Krstulovic, Alex"]
[Black "Kokoszczynski, Jan"]
[WhiteFideId "760056"]
[BlackFideId "1174460"]
[WhiteElo "2311"]
[BlackElo "2139"]
[Result "0-1"]
[Round "05"]
[TimeControl "180+2"]
[Date "2023.03.28"]
[WhiteClock "0:00:16"]
[BlackClock "0:00:07"]

1. e4 e5 2. d4 exd4 3. Qxd4 Nc6 4. Qe3 Nf6 5. Nc3 Bb4 6. Bd2 O-O 7. O-O-O Re8 8. Qf4 Bxc3 9. Bxc3 Nxe4 10. Bc4 Nxc3 11. Bxf7+ Kh8 12. Bxe8 Qxe8 13. bxc3 d6 14. Nf3 Be6 15. Rhe1 Qd7 16. Ng5 Bg8 17. Re3 h6 18. Nf3 Ne7 19. Nh4 Bh7 20. Qf7 Qa4 21. Re2 Ng8 22. Ng6+ Bxg6 23. Qxg6 Qxa2 24. Re3 Rf8 25. f3 Qa3+ 26. Kd2 Qc5 27. Rb1 b6 28. Rb4 Nf6 29. Re7 Rg8 30. Rh4 Qf2+ 31. Kc1 Qxh4 32. Rxc7 Qxh2 33. Rxa7 Qf4+ 34. Kb2 Qe5 35. Rb7 Nd5 36. Qd3 Rc8 37. Kc1 Nxc3 38. Rxb6 Qe1+ 39. Kb2 Qb1+ 40. Ka3 Qa2+ 41. Kb4 Qa4# 0-1


[Site "https://www.chess.com"]

[Event "Titled Tuesday Blitz March 28 Late 2023"]
[White "Minko, Dmitry"]
[Black "Srinath, Rao S.V."]
[WhiteFideId "24188468"]
[BlackFideId "5028876"]
[WhiteElo "2147"]
[BlackElo "2196"]
[Result "1-0"]
[Round "05"]
[TimeControl "180+2"]
[Date "2023.03.28"]
[WhiteClock "0:01:04"]
[BlackClock "0:02:04"]

1. e4 e6 2. d4 d5 3. Nc3 Nf6 4. e5 Nfd7 5. Nce2 c5 6. c3 Nc6 7. Nf3 cxd4 8. cxd4 Bb4+ 9. Nc3 f6 10. exf6 Qxf6 11. Bd3 h6 12. O-O O-O 13. Re1 Rf7 14. Qc2 Nf8 15. a3 Bd6 16. b4 a6 17. Bb2 Bd7 18. b5 axb5 19. Nxb5 Bb8 20. Ne5 Nxe5 21. dxe5 Qh4 22. Nd6 Rxf2 23. Qxf2 Ra7 1-0


[Site "https://www.chess.com"]

[Event "Titled Tuesday Blitz March 28 Late 2023"]
[White "Gold_Ocean"]
[Black "Mazurkiewicz, Michal"]
[BlackFideId "1124943"]
[WhiteElo "2619"]
[BlackElo "2054"]
[Result "0-1"]
[Round "05"]
[TimeControl "180+2"]
[Date "2023.03.28"]
[WhiteClock "0:00:19"]
[BlackClock "0:00:18"]

1. d4 Nf6 2. Nc3 d5 3. Bf4 Bf5 4. Nf3 c6 5. e3 e6 6. Be2 Bd6 7. Bg3 Bxg3 8. hxg3 O-O 9. Ne5 Nbd7 10. g4 Bg6 11. f4 Nxe5 12. dxe5 Ne4 13. Nxe4 Bxe4 14. O-O Qh4 15. Bf3 Rad8 16. c3 f6 17. exf6 Bxf3 18. Qxf3 Rxf6 19. g5 Rf7 20. Rad1 e5 21. g3 Qh3 22. Rd2 exf4 23. exf4 Re8 24. f5 Re5 25. Rdf2 g6 26. g4 Qh4 27. Qf4 Re4 28. Qb8+ Rf8 29. Qh2 Rxg4+ 30. Rg2 Qxh2+ 31. Kxh2 Rxg2+ 32. Kxg2 Rxf5 33. Re1 Rxg5+ 34. Kf3 Rf5+ 35. Kg4 Kg7 36. Re8 h5+ 37. Kg3 g5 38. Re6 Rf6 39. Re7+ Rf7 40. Re6 Kh7 41. Kg2 g4 42. Kg3 Rg7 43. Rf6 h4+ 44. Kxh4 g3 45. Rf1 g2 46. Rg1 Kg8 47. Kh3 Kf7 48. Rxg2 Rxg2 49. Kxg2 Ke6 50. Kf3 Ke5 51. Ke3 c5 52. Kd3 b5 53. a3 a5 54. b3 c4+ 55. bxc4 bxc4+ 56. Ke3 a4 57. Ke2 Ke4 58. Kd2 Kf3 59. Kc1 Ke3 60. Kc2 Ke2 61. Kc1 Kd3 62. Kb2 Kd2 63. Kb1 Kxc3 64. Ka2 Kc2 65. Ka1 d4 66. Ka2 d3 67. Ka1 d2 68. Ka2 c3 69. Ka1 d1=Q+ 70. Ka2 Qb1# 0-1


[Site "https://www.chess.com"]

[Event "Titled Tuesday Blitz March 28 Late 2023"]
[White "Kavutskiy, Konstantin"]
[Black "Dudzinski, Pawel"]
[WhiteFideId "2026384"]
[BlackFideId "1117890"]
[WhiteElo "2369"]
[BlackElo "2099"]
[Result "1-0"]
[Round "05"]
[TimeControl "180+2"]
[Date "2023.03.28"]
[WhiteClock "0:01:00"]
[BlackClock "0:00:02"]

1. d4 d5 2. c4 c6 3. Nf3 e6 4. e3 f5 5. b3 Nf6 6. Bd3 Be7 7. O-O O-O 8. Ba3 Bd7 9. Bxe7 Qxe7 10. Nc3 Be8 11. Ne5 Nbd7 12. f4 Bh5 13. Qc2 Nxe5 14. fxe5 Ne4 15. Bxe4 fxe4 16. Qd2 h6 17. Rxf8+ Rxf8 18. Rf1 Rxf1+ 19. Kxf1 Qh4 20. Kg1 Be8 21. cxd5 cxd5 22. b4 Qe7 23. a3 Qc7 24. Ne2 Qc4 25. Nf4 Bf7 26. h4 Kh7 27. h5 Qc6 28. Qe1 Qc2 29. Qg3 Bxh5 30. Nxe6 Qd1+ 31. Kh2 Bg6 32. Nf8+ Kg8 33. Nxg6 Qh5+ 34. Nh4 g5 35. Kg1 Qd1+ 36. Kh2 Qh5 37. Kh3 Kf8 38. Qg4 1-0


[Site "https://www.chess.com"]